 Dungeon Crawl Stone Soup version 0.29-a0-284-gf9362112df (webtiles) character file.

Game seed: 17849946791683126068

1709 bande the Chopper (level 9, 0/54 HPs)
             Began as a Gargoyle Fighter on Mar 21, 2022.
             Was an Initiate of Okawaru.
             Slain by a vampire mosquito (1 damage)
             ... on level 10 of the Dungeon on Mar 22, 2022.
             The game lasted 00:13:28 (7477 turns).

bande the Chopper (Gargoyle Fighter)                Turns: 7477, Time: 00:13:29

Health: 0/54       AC: 21    Str: 26    XL:     9   Next: 3%
Magic:  9/9        EV:  9    Int:  9    God:    Okawaru [......]
Gold:   324        SH:  0    Dex: 13    Spells: 8/8 levels left

rFire   + . .      SeeInvis .   a - +1 war axe
rCold   . . .      Faith    .   c - +0 buckler
rNeg    + . .      Spirit   .   e - +4 scale mail {rF+}
rPois   ∞          Reflect  .   m - +1 helmet
rElec   +          Harm     .   u - +0 cloak
rCorr   +          Rampage  .   (no gloves)
Will    .....                   (no boots)
Stlth   ..........              (no amulet)
HPRegen 0.18/turn               p - +6 ring of strength
MPRegen 0.11/turn               r - ring of resist corrosion

@: confused, ambrosia-drunk
A: sickness immunity, AC +6, negative energy resistance 1, electricity
resistance, torment resistance 1, petrification resistance
a: Renounce Religion


You were on level 10 of the Dungeon.
You worshipped Okawaru.
Okawaru was noncommittal.
You visited 2 branches of the dungeon, and saw 9 of its levels.

You collected 324 gold pieces.

Inventory:

Hand Weapons
 a - a +1 war axe (weapon)
 g - a +0 morningstar
 l - a +0 flail
Missiles
 k - a throwing net (quivered)
Armour
 c - a +0 buckler (worn)
 e - a +4 scale mail of fire resistance (worn)
 m - a +1 helmet (worn)
 u - a +0 cloak (worn)
Jewellery
 p - a +6 ring of strength (left hand)
 r - a ring of resist corrosion (right hand)
Wands
 b - a wand of iceblast (14)
 q - a wand of polymorph (18)
 t - a wand of flame (16)
Scrolls
 j - 5 scrolls of amnesia
 n - 4 scrolls of blinking
 o - 2 scrolls of teleportation
 w - 3 scrolls of enchant armour
Potions
 d - 2 potions of might
 f - 2 potions of brilliance
 h - 6 potions of curing
 i - 3 potions of flight
 x - a potion of resistance


   Skills:
 + Level 5.5 Fighting
 + Level 7.0 Axes
 + Level 6.1 Armour
 + Level 4.8 Shields
 * Level 4.0 Evocations


You had 8 spell levels left.
You didn't know any spells.
Your spell library contained the following spells:

 Spells                   Type           Power      Damage    Failure   Level
 Cause Fear               Hex            0%         N/A       100%        4
 Fulminant Prism          Conj/Hex       0%         3d6       100%        4
 Alistair's Intoxication  Tmut/Pois      0%         N/A       100%        5
 Borgnjor's Vile Clutch   Necr/Erth      0%         N/A       100%        5
 Eringya's Noxious Bog    Tmut/Pois      0%         N/A       100%        6


Dungeon Overview and Level Annotations

Branches:
Dungeon (7/15)             Temple (1/1) D:7

Altars:
Ashenzari
Cheibriados
Dithmenos
Elyvilon
Fedhas
Gozag
Hepliaklqana
Kikubaaqudgha
Makhleb
Nemelex Xobeh
Okawaru
Qazlal
Ru
Sif Muna
Trog
Uskayaw
Vehumet
Wu Jian
Xom
Yredelemnul
Zin
The Shining One

Shops:
D:5 [   D:7 *


Innate Abilities, Weirdness & Mutations

You are immune to sickness and miasma.
Your stone body is resilient. (AC +6)
You are immune to poison.
You resist negative energy. (rN+)
You are resistant to electric shocks. (rElec)
You are resistant to unholy torment.
You are immune to petrification.


Message History

The troll bites you.
* * * LOW HITPOINT WARNING * * *
The troll barely misses you. The troll claws you but does no damage.
You block the vampire mosquito's attack.
The vampire mosquito barely misses you.
You barely miss the troll.
The troll is heavily wounded.
You miss the vampire mosquito. You closely miss the vampire mosquito.
You barely miss the vampire mosquito. You slash the vampire mosquito!
You block the vampire mosquito's attack.
The vampire mosquito bites you but does no damage. x3
You block the vampire mosquito's attack. x2
The vampire mosquito bites you but does no damage.
The vampire mosquito closely misses you.
The troll misses you.
The troll claws you but does no damage. x2
You hit the troll.
The troll is heavily wounded.
You miss the vampire mosquito. You barely miss the vampire mosquito.
You completely miss the vampire mosquito.
You slash the vampire mosquito!
The vampire mosquito bites you but does no damage.
The vampire mosquito barely misses you. x2
The vampire mosquito bites you but does no damage. x2
The vampire mosquito barely misses you.
The vampire mosquito bites you but does no damage.
The vampire mosquito bites you.
* * * LOW HITPOINT WARNING * * *
The troll bites you but does no damage. The troll claws you but does no damage.
The troll closely misses you.
You block the vampire mosquito's attack. x2
The vampire mosquito misses you. The vampire mosquito barely misses you.
The troll bites you but does no damage. The troll claws you.
* * * LOW HITPOINT WARNING * * *
The troll claws you but does no damage.
You are confused.
You feel invigorated. The vampire mosquito bites you.
* * * LOW HITPOINT WARNING * * *
The vampire mosquito bites you but does no damage. x2
The vampire mosquito bites you.
You die...

..#. ... ..# ###
####..#
...####.....#
............#
........yTy.#
........y@y.#
............#
............#
............#
...............
...........#....
######.....###..
###...# #> #)...


You could see a troll and 4 vampire mosquitoes.

Vanquished Creatures
  Grinder (D:5)
  An ice beast (D:6)
  2 sky beasts (D:6)
  2 black bears
  An ogre (D:6)
  3 scorpions
  3 wights (D:6)
  2 howler monkeys (D:6)
  2 hounds
  3 jellies
  Crazy Yiuf (D:6)
  Terence (D:2)
  2 orc wizards (D:6)
  4 iguanas
  Robin (D:3)
  3 gnolls (D:5)
  7 adders
  An ufetubus (D:5)
  6 worms
  6 orcs
  11 endoplasms
  6 giant cockroaches
  4 hobgoblins
  6 jackals
  7 quokkas
  7 ball pythons
  7 bats
  6 frilled lizards
  19 goblins
  7 kobolds
  7 rats
139 creatures vanquished.

Notes
Turn   | Place    | Note
-------+----------+-------------------------------------------
     0 | D:1      | bande the Gargoyle Fighter began the quest for the Orb.
     0 | D:1      | Reached XP level 1. HP: 14/14 MP: 1/1
   378 | D:1      | Reached XP level 2. HP: 12/19 MP: 2/2
   747 | D:1      | Reached skill level 2 in Axes
   926 | D:1      | Reached XP level 3. HP: 23/23 MP: 3/3
  1247 | D:2      | Noticed Terence
  1267 | D:2      | Killed Terence
  1268 | D:2      | Reached XP level 4. HP: 29/29 MP: 4/4
  1577 | D:2      | Found a shimmering altar of Xom.
  2043 | D:2      | Found a faded altar of an unknown god.
  2536 | D:3      | Noticed Robin
  2539 | D:3      | Reached skill level 3 in Axes
  2552 | D:3      | Reached XP level 5. HP: 24/33 MP: 5/5
  2558 | D:3      | Killed Robin
  3105 | D:4      | Noticed a black bear
  3114 | D:4      | Killed a black bear
  3115 | D:4      | Reached skill level 4 in Axes
  3115 | D:4      | Reached skill level 1 in Evocations
  3115 | D:4      | Reached XP level 6. HP: 31/38 MP: 6/6
  4123 | D:5      | Entered Level 5 of the Dungeon
  4150 | D:5      | Noticed Grinder
  4332 | D:5      | Killed Grinder
  4333 | D:5      | Reached skill level 5 in Axes
  4333 | D:5      | Reached XP level 7. HP: 37/44 MP: 7/7
  4452 | D:5      | Got the Almanac of the Unholy Oath
  4967 | D:5      | Found Uklidd's Armour Boutique.
  5002 | D:5      | Reached skill level 5 in Armour
  5259 | D:5      | Found a shimmering altar of Xom.
  5262 | D:5      | Found a sparkling altar of Nemelex Xobeh.
  5262 | D:5      | Found an iron altar of Okawaru.
  5264 | D:5      | Found a glowing silver altar of Zin.
  5264 | D:5      | Found a white marble altar of Elyvilon.
  5264 | D:5      | Found an ornate altar of the Wu Jian Council.
  5421 | D:6      | Reached XP level 8. HP: 48/48 MP: 8/8
  5519 | D:6      | Reached skill level 6 in Axes
  5582 | D:6      | Reached skill level 5 in Fighting
  6601 | D:6      | Reached XP level 9. HP: 54/54 MP: 9/9
  6619 | D:6      | Found a runed translucent door.
  6620 | D:6      | Noticed Crazy Yiuf
  6813 | D:6      | Killed Crazy Yiuf
  6814 | D:6      | Reached skill level 7 in Axes
  6973 | D:7      | Found Aguenk's Assorted Antiques.
  7071 | D:7      | Found a staircase to the Ecumenical Temple.
  7082 | Temple   | Entered the Ecumenical Temple
  7426 | Temple   | Became a worshipper of Warmaster Okawaru
  7468 | D:7      | You fall into a shaft and drop 3 floors!
  7468 | D:10     | Entered Level 10 of the Dungeon
  7468 | D:10     | Noticed a troll
  7476 | D:10     | HP: 1/54 [troll (4)]
  7477 | D:10     | Slain by a vampire mosquito

Illustrated notes

Levels and vault maps discovered:
D:1:      nicolae_arrival_memento_mori, layout_basic
D:2:      layout_basic, ebering_ecumenical_altar_abandoned, basic_altar,
          uniq_terence
D:3:      layout_loops_cross, uniq_robin
D:4:      kennysheep_big_flooded_room, layout_layer_cave,
          gup_sewer_entry_bubbles
D:5:      layout_loops_corners, doesnt_xom_only_xom, serial_shops, shop,
          nicolae_wormholes, uniq_grinder
D:6:      layout_loops_ring, uniq_crazy_yiuf_cottage
D:7:      layout_rooms, minmay_temple_entry_tees, serial_shops, kennysheep_mini,
          nicolae_shop_hallway_stairs, shop, kb_rosetta
D:10:     layout_layer_cave, kennysheep_generic_room_11
Temple:   nicolae_temple_the_god_donut

Skill      XL: |  1  2  3  4  5  6  7  8  9 |
---------------+----------------------------+-----
Axes           | 2 3 4 5 6 7 |  7.0
Armour         | 4 5 6 |  6.1
Fighting       | 4 5 |  5.5
Evocations     | 1 2 3 4 |  4.0
Shields        | 4 |  4.8

Action                   |  1- 3 |  4- 6 |  7- 9 || total
-------------------------+-------+-------+-------++-------
Melee: War axe           |    95 |   183 |   168 ||   446
  Use: Scroll            |     3 |     8 |     5 ||    16
       Potion            |     1 |       |     1 ||     2
Armor: Scale mail        |    55 |   107 |   131 ||   293
Dodge: Dodged            |    48 |    91 |    95 ||   234
Block: Buckler           |    26 |    51 |    47 ||   124

Table legend: (Time is in decaauts)
 A = Elapsed time spent in this place.
 B = Non-inter-level travel time spent in this place.
 C = Inter-level travel time spent in this place.
 D = Time resting spent in this place.
 E = Time spent auto-exploring this place.
 F = Levels seen in this place.
 G = Mean time per level.
                   A        B        C        D        E       F      G
               +--------+--------+--------+--------+--------+-----+--------+
         Total |   7654 |   7372 |    282 |    691 |   5042 |   9 |  850.4 |
       Dungeon |   7286 |   7004 |    282 |    691 |   4820 |   8 |  910.8 |
        Temple |    368 |    368 |      0 |      0 |    222 |   1 |  368.0 |
               +--------+--------+--------+--------+--------+-----+--------+

Top non-repeatable levels by time:
     D:6: 1421 daAuts
     D:5: 1321 daAuts
     D:4: 1225 daAuts
     D:1: 1217 daAuts
     D:2: 1116 daAuts
     D:3: 847 daAuts
  Temple: 368 daAuts
     D:7: 127 daAuts
    D:10: 9 daAuts
